 Dungeon Crawl Stone Soup version 0.29-a0-284-gf9362112df (webtiles) character file.

Game seed: 15605847250445474061

8493 yunder69 the Fighter (level 11, -4/111 HPs)
             Began as a Minotaur Berserker on Mar 26, 2022.
             Was a Follower of Trog.
             Slain by a cyclops (9 damage)
             ... while petrified by a basilisk
             ... on level 11 of the Dungeon on Mar 27, 2022.
             The game lasted 00:31:03 (11518 turns).

yunder69 the Fighter (Minotaur Berserker)          Turns: 11518, Time: 00:31:03

Health: -4/111     AC:  6    Str: 23    XL:     11   Next: 10%
Magic:  10/10      EV:  2    Int:  8    God:    Trog [*.....]
Gold:   579        SH:  0    Dex: 15    Spells: 10/10 levels left

rFire   . . .      SeeInvis .   a - +0 quarterstaff
rCold   + . .      Faith    .   (shield currently unavailable)
rNeg    + + +      Spirit   .   O - +0 plate armour
rPois   ∞          Reflect  .   (helmet restricted)
rElec   .          Harm     .   (no cloak)
rCorr   .          Rampage  .   (no gloves)
Will    .....                   g - +0 pair of boots
Stlth   ..........              b - amulet of regeneration
HPRegen 1.08/turn               q - +6 ring of dexterity
MPRegen 0.12/turn               l - ring of protection from cold

@: petrified, corroded, on berserk cooldown, slowed
A: horns 2, retaliatory headbutt
a: Renounce Religion, Berserk


You were on level 11 of the Dungeon.
You worshipped Trog.
Trog was aware of your devotion.
You visited 1 branch of the dungeon, and saw 9 of its levels.

You collected 579 gold pieces.

Inventory:

Hand Weapons
 a - a +0 quarterstaff (weapon)
 N - a +0 glaive
Missiles
 h - 11 poisoned darts (quivered)
 u - 2 throwing nets
 C - 12 boomerangs
 P - 19 curare-tipped darts
Armour
 g - a +0 pair of boots (worn)
 O - a +0 plate armour (worn)
Jewellery
 b - an amulet of regeneration (around neck)
 c - a ring of see invisible
 l - a ring of protection from cold (right hand)
 q - a +6 ring of dexterity (left hand)
 E - a ring of protection from fire
Wands
 H - a wand of flame (28)
 Q - a wand of iceblast (6)
 U - a wand of polymorph (6)
Scrolls
 f - 3 scrolls of identify
 i - 2 scrolls of amnesia {unknown}
 j - 2 scrolls of vulnerability {unknown}
 m - 2 scrolls of fear {unknown}
 o - a scroll of noise {unknown}
 p - 2 scrolls of torment {unknown}
 s - a scroll of magic mapping {unknown}
 v - a scroll of enchant armour {unknown}
 y - 2 scrolls of teleportation {unknown}
 J - a scroll of immolation {unknown}
 M - a scroll of enchant weapon {unknown}
 S - a scroll of fog {unknown}
 T - a scroll of silence {unknown}
Potions
 d - 5 potions of curing
 e - 2 potions of mutation
 r - 4 potions of flight
 t - a potion of magic {unknown}
 w - a potion of resistance {unknown}
 x - a potion of invisibility {unknown}
 z - a potion of lignification {unknown}
 A - a potion of experience {unknown}
 B - a potion of heal wounds {unknown}
 D - 2 potions of cancellation
 I - 3 potions of attraction
 K - a potion of degeneration {unknown}
 L - 2 potions of haste {unknown}
 W - a potion of brilliance {unknown}


   Skills:
 + Level 14.6 Fighting
 - Level 5.1 Polearms
 + Level 14.3 Armour
 - Level 2.1 Dodging


You had 10 spell levels left.
You didn't know any spells.
Your spell library was empty.

Dungeon Overview and Level Annotations

Branches:
Dungeon (11/15)            Temple (0/1) D:5            Lair (0/6) D:11
    Orc: D:9-12

Altars:
Ashenzari
Cheibriados
Nemelex Xobeh
Ru
Xom
The Shining One

Shops:
D:1 *


Innate Abilities, Weirdness & Mutations

You have a pair of horns on your head.
You reflexively headbutt those who attack you in melee.


Message History

The brown ugly thing engulfs you. The acid corrodes you!
You are splashed with acid!
The wraith hits you. The brown ugly thing engulfs you. The acid corrodes you!
You are splashed with acid!
The brown ugly thing attacks as you move away!
The brown ugly thing engulfs you.
You are splashed with acid!
The wraith hits you. The wraith drains your vigour!
You feel as though you will be slow longer.
The brown ugly thing engulfs you!
You are splashed with acid!
* * * LOW HITPOINT WARNING * * *
The wraith attacks as you move away! The wraith barely misses you.
You furiously retaliate!
You headbutt the wraith, but do no damage.
There is a stone staircase leading up, spattered with blood here.
The basilisk barely misses you.
The brown ugly thing engulfs you but does no damage.
You climb upwards.
There is a stone staircase leading down, spattered with blood here.
Okay, then.
The basilisk misses you. The brown ugly thing engulfs you.
* * * LOW HITPOINT WARNING * * *
You are splashed with acid!
* * * LOW HITPOINT WARNING * * *
The basilisk gazes at you.
You are slowing down.
You climb downwards.
The wraith hits you.
* * * LOW HITPOINT WARNING * * *
The wraith drains your vigour!
You feel as though you will be slow longer.
The wraith barely misses you.
The cyclops throws a large rock.
The large rock hits you!!
* * * LOW HITPOINT WARNING * * *
The wraith barely misses you. The wraith hits you but does no damage.
You have turned to stone.
The brown ugly thing engulfs you!
* * * LOW HITPOINT WARNING * * *
The acid corrodes you!
You are splashed with acid!
* * * LOW HITPOINT WARNING * * *
The cyclops hits you!!
You die...

##...........
##............
##.............
##..............
##...............
##÷........###....
##<........## ##...
#ulW.......# #...
##@........## #...
##C........###....
##...............
##..............
##.............
##............
##...........
#########..........
#................##


You could see a brown ugly thing, a cyclops, a basilisk and a wraith.

Vanquished Creatures
  A boulder beetle (D:11)
  A two-headed ogre (D:10)
  A cyclops (D:10)
  2 ugly things (D:10)
  A manticore (D:11)
  An unseen horror (D:7)
  2 kobold demonologists (D:10)
  Grinder (D:5)
  Prince Ribbit (D:5)
  A shadow (D:6)
  4 wraiths
  A wyvern (D:10)
  6 vampire mosquitoes (D:10)
  Menkaure (D:5)
  A steam dragon (D:5)
  A water moccasin (D:5)
  Duvessa (D:5)
  3 orc warriors
  An ice beast (D:6)
  A sky beast (D:7)
  4 black bears
  2 ogres (D:5)
  A centaur (D:10)
  A bullfrog (D:6)
  4 kobold brigands (D:10)
  A necrophage (D:6)
  2 scorpions
  Dowan (D:5)
  2 howler monkeys
  3 hounds
  A jelly (D:5)
  6 orc priests
  A gnoll shaman (D:4)
  3 iguanas
  9 orc wizards
  4 gnolls (D:4)
  7 adders
  An ufetubus (D:7)
  5 worms
  34 orcs
  9 ball pythons
  3 endoplasms
  3 giant cockroaches
  9 goblins
  3 hobgoblins
  11 kobolds
  3 quokkas
  2 training dummies (D:5)
  5 bats
  3 rats (D:3)
175 creatures vanquished.

Notes
Turn   | Place    | Note
-------+----------+-------------------------------------------
     0 | D:1      | yunder69 the Minotaur Berserker began the quest for the
                  | Orb.
     0 | D:1      | Reached XP level 1. HP: 19/19 MP: 0/0
   205 | D:1      | Found Ontung's Assorted Antiques.
   640 | D:1      | Reached XP level 2. HP: 26/26 MP: 1/1
  1426 | D:2      | Found a snail-covered altar of Cheibriados.
  1509 | D:2      | Reached skill level 5 in Polearms
  1551 | D:2      | Reached XP level 3. HP: 29/31 MP: 2/2
  1630 | D:2      | Found a faded altar of an unknown god.
  2432 | D:3      | Noticed a black bear
  2436 | D:3      | Killed a black bear
  2437 | D:3      | Reached skill level 5 in Fighting
  2437 | D:3      | Reached XP level 4. HP: 35/42 MP: 3/3
  2437 | D:3      | Reached XP level 5. HP: 40/48 MP: 4/4
  3130 | D:4      | Reached ** piety under Trog
  3163 | D:4      | Found a broken altar of Ashenzari.
  3248 | D:4      | Reached skill level 5 in Armour
  3257 | D:4      | Reached XP level 6. HP: 57/57 MP: 5/5
  3585 | D:4      | Reached XP level 7. HP: 51/64 MP: 6/6
  3958 | D:5      | Entered Level 5 of the Dungeon
  3960 | D:5      | Found a staircase to the Ecumenical Temple.
  3971 | D:5      | Noticed Grinder
  3981 | D:5      | Killed Grinder
  4063 | D:5      | Noticed Prince Ribbit
  4077 | D:5      | Killed Prince Ribbit
  4078 | D:5      | Reached XP level 8. HP: 61/75 MP: 7/7
  4369 | D:5      | Noticed Duvessa
  4371 | D:5      | Noticed Dowan
  4380 | D:5      | Killed Duvessa
  4387 | D:5      | Killed Dowan
  4564 | D:5      | Found a glowing golden altar of the Shining One.
  4968 | D:6      | Noticed Menkaure
  4976 | D:5      | Killed Menkaure
  5030 | D:5      | Reached skill level 10 in Fighting
  5079 | D:6      | Reached skill level 10 in Armour
  5079 | D:6      | Reached XP level 9. HP: 73/86 MP: 8/8
  5358 | D:6      | Found a sparkling altar of Nemelex Xobeh.
  5873 | D:7      | Found a sacrificial altar of Ru.
  5898 | D:7      | Killed an unseen horror
  6464 | D:7      | You fall into a shaft and drop 3 floors!
  6464 | D:10     | Entered Level 10 of the Dungeon
  6719 | D:10     | Found a large runed translucent door.
  6719 | D:10     | Found a large runed translucent door.
  6720 | D:10     | Found a shimmering altar of Xom.
  6720 | D:10     | Noticed a purple ugly thing
  6721 | D:10     | Noticed a red ugly thing
  6721 | D:10     | Noticed a kobold demonologist
  6724 | D:10     | Noticed a kobold demonologist
  6734 | D:10     | Reached XP level 10. HP: 92/99 MP: 9/9
  6741 | D:11     | Noticed a boulder beetle
  7326 | D:10     | Noticed a cyclops
  7339 | D:10     | Killed a cyclops
  8011 | D:10     | Killed a red ugly thing
  8013 | D:10     | Noticed an orange demon
  8026 | D:10     | Killed a purple ugly thing
  8058 | D:10     | Noticed a sixfirhy
  8065 | D:10     | Noticed a sixfirhy
 11237 | D:11     | Killed a boulder beetle
 11241 | D:11     | Noticed a manticore
 11290 | D:11     | Killed a manticore
 11324 | D:11     | Reached XP level 11. HP: 111/111 MP: 10/10
 11341 | D:11     | Noticed a two-headed ogre
 11378 | D:10     | Killed a two-headed ogre
 11463 | D:11     | Found a staircase to the Lair.
 11495 | D:11     | Noticed a brown ugly thing
 11518 | D:11     | HP: 5/111 [acid (5)]
 11518 | D:11     | Slain by a cyclops

Illustrated notes

Levels and vault maps discovered:
D:1:      giann_horns, layout_loops_corners, serial_shops,
          nicolae_shop_overgrown_old_shop
D:2:      layout_basic, ebering_ecumenical_altar_hall, basic_altar
D:3:      layout_basic, grunt_ministairs_5
D:4:      layout_basic, mainiacjoe_overflow_six_doors_small,
          cheibrodos_sewer_entry_bend
D:5:      dreamdust_elfheim, layout_loops_ring, tso_altar,
          minmay_temple_entry_stoned_glass, due_unseen_surprise,
          uniq_prince_ribbit1, uniq_grinder, uniq_duvessa
D:6:      layout_cave_pools, nemelex_spade_bored_becter, uniq_menkaure
D:7:      layout_loops_ring, mainiacjoe_overflow_surrounded_room
D:10:     due_chaos_kobolds, layout_stronghold, kennysheep_generic_room_3
D:11:     layout_big_octagon, lair_entry_dummy, serial_column_ruins,
          column_ruins_open_tiny, column_ruins_grid_2, column_ruins_grid_1,
          column_ruins_columns_straight

Skill      XL: |  1  2  3  4  5  6  7  8  9 10 |
---------------+-------------------------------+-----
Polearms       | 4 5 |  5.1
Fighting       | 5 6 8 10 12 14 | 14.6
Armour         | 4 5 6 7 10 12 14 | 14.3
Dodging        | |  2.1

Action                   |  1- 3 |  4- 6 |  7- 9 | 10-12 || total
-------------------------+-------+-------+-------+-------++-------
Melee: Spear             |    95 |    38 |       |       ||   133
       Punch             |     2 |       |       |       ||     2
       Headbutt          |     6 |    19 |    44 |    42 ||   111
       Dire flail        |       |    61 |     9 |       ||    70
       Quarterstaff      |       |       |   186 |   148 ||   334
       Trident           |       |       |     9 |       ||     9
Invok: Berserk           |     1 |     2 |    11 |     8 ||    22
       Trog's Hand       |       |       |    11 |     8 ||    19
  Use: Scroll            |       |       |     2 |     6 ||     8
       Potion            |       |       |       |     5 ||     5
 Stab: Sleeping          |     1 |       |       |       ||     1
Armor: Animal skin       |     6 |       |       |       ||     6
       Ring mail         |     4 |       |    65 |    25 ||    94
       Chain mail        |    13 |    52 |    90 |       ||   155
       Plate armour      |       |       |       |    63 ||    63
Dodge: Dodged            |    33 |    54 |   129 |   104 ||   320

Table legend: (Time is in decaauts)
 A = Elapsed time spent in this place.
 B = Non-inter-level travel time spent in this place.
 C = Inter-level travel time spent in this place.
 D = Time resting spent in this place.
 E = Time spent auto-exploring this place.
 F = Levels seen in this place.
 G = Mean time per level.
                   A        B        C        D        E       F      G
               +--------+--------+--------+--------+--------+-----+--------+
         Total |  11788 |  11050 |    738 |   3835 |   4837 |   9 | 1309.8 |
       Dungeon |  11788 |  11050 |    738 |   3835 |   4837 |   9 | 1309.8 |
               +--------+--------+--------+--------+--------+-----+--------+

Top non-repeatable levels by time:
    D:10: 4906 daAuts
     D:1: 1418 daAuts
     D:5: 1140 daAuts
     D:2: 918 daAuts
     D:4: 895 daAuts
     D:7: 807 daAuts
     D:3: 755 daAuts
     D:6: 642 daAuts
    D:11: 302 daAuts
